 Dungeon Crawl Stone Soup version 0.30-a0-918-g0ff054e9dc (webtiles) character file.

Game seed: 12319657677099474860

1114 lunkers the Carver (level 8, -5/56 (63) HPs)
             Began as a Meteoran Fighter on Mar 20, 2023.
             Was an Initiate of Ashenzari.
             Slain by a wight
             ... wielding a +3 spear
              (7 damage)
             ... on level 6 of the Dungeon.
             The game lasted 00:06:05 (2452 turns).

lunkers the Carver (Meteoran Fighter)               Turns: 2452, Time: 00:06:05

HP:   -5/56 (63)    AC:  9    Str: 24    XL:     8   Next: 91%
MP:   9/9           EV:  9    Int:  9    God:    Ashenzari [......]
Gold: 244           SH:  5    Dex: 16    Spells: 7/7 levels left

rFire   . . .      SeeInvis .    a - +0 long sword
rCold   . . .      Faith    .    c - +0 buckler
rNeg    . . .      Spirit   .    b - +0 scale mail
rPois   .          Reflect  .    g - +0 helmet
rElec   .          Rampage  .    t - +0 cloak
rCorr   .                        (no gloves)
Will    +....                    (no boots) Stlth
                                 (no amulet)
HPRegen 0.29/turn                s - ring of Cremastomancy {Str+6, Cun, Alch} (curse)
MPRegen 0.11/turn                (no ring)

@: glowing, heavily drained
A: sense surroundings 1, otherworldly, glowing, explore regen
a: Renounce Religion, Shatter the Chains


You were on level 6 of the Dungeon.
You worshipped Ashenzari.
Ashenzari was noncommittal.
You visited 1 branch of the dungeon, and saw 6 of its levels.

You collected 244 gold pieces.

Inventory:

Hand Weapons
 a - a +0 long sword (weapon)
Armour
 b - a +0 scale mail (worn)
 c - a +0 buckler (worn)
 g - a +0 helmet (worn)
 t - a +0 cloak (worn)
 v - a +0 helmet
Jewellery
 l - a ring of ice
 s - the cursed ring of Cremastomancy (left hand) {Str+6, Cun, Alch}
   (You found it on level 4 of the Dungeon)

   [ring of strength]

   Str:       It affects your strength (+6).
   It has a curse which improves the following skills: Cunning: Dodging and
   Stealth.
   Alchemy:   Poison Magic and Transmutations.
Wands
 u - a wand of digging (6)
Scrolls
 m - a scroll of immolation
Potions
 d - a potion of invisibility
 e - 2 potions of curing
 f - 4 potions of heal wounds
 h - a potion of cancellation {unknown}
 i - a potion of brilliance {unknown}
 j - a potion of haste {unknown}
 k - a potion of berserk rage {unknown}
 n - a potion of lignification {unknown}
 o - a potion of degeneration {unknown}
 p - a potion of flight {unknown}
 q - a potion of attraction {unknown}
 r - 2 potions of ambrosia


   Skills:
 - Level 3.2 Fighting
 + Level 11.6 Long Blades
 - Level 3.6 Armour
 - Level 3.6 Shields


You had 7 spell levels left.
You didn't know any spells.
Your spell library contained the following spells:

 Spells                   Type           Power      Damage    Failure   Level
 Sublimation of Blood     Necr           0%         N/A       89%         2
 Wereblood                Tmut           0%         N/A       89%         2
 Summon Hydra             Summ           0%         N/A       100%        7


Dungeon Overview and Level Annotations

Branches:
Dungeon (6/15) Zot: 1118
 Temple: D:4-7

Altars:
Ashenzari
Sif Muna

Shops:
D:3 *


Innate Abilities, Weirdness & Mutations

You passively map a small area around you.
You are easily found by Zot.
You glow in the dark.
You regain HP and MP as you explore.


Message History

You see here a sky beast corpse.
You see here a +0 helmet.
v - a +0 helmet 2 wights come into view.
A wight comes into view. It is wielding a +0 falchion.
The wight hits you but does no damage. You block the wight's attack.
You hit the wight but do no damage. You closely miss the wight.
You block the wight's attack.
You slash the wight!
The wight is heavily damaged.
You slash the wight!
The wight is heavily damaged.
The wight hits you from afar with a +3 spear!
You slash the wight!
You destroy the wight!
You block the wight's attack.
You hit the wight but do no damage.
The wight hits you from afar with a +3 spear!
You feel drained. The wight hits you with a +4 scimitar.
You hit the wight but do no damage.
The wight hits you from afar with a +3 spear!
* * * LOW HITPOINT WARNING * * *
You feel drained.
* * * LOW HITPOINT WARNING * * *
The wight hits you with a +4 scimitar!
* * * LOW HITPOINT WARNING * * *
You feel drained.
* * * LOW HITPOINT WARNING * * *
You closely miss the wight. The wight hits you but does no damage.
The wight closely misses you.
Unknown command.
You slash the wight!
The wight is heavily damaged.
The wight hits you from afar with a +3 spear.
* * * LOW HITPOINT WARNING * * *
You hit the wight but do no damage.
The wight is heavily damaged.
The wight hits you from afar with a +3 spear!
You die...

### #.# ##.#
##..# ##...##
##..#..#
##..#####
###@### ##.z##
##.z## ###..##
####...##
###.....##
###........##
##...........##
##.............#


You could see 2 wights.

Vanquished Creatures
  A water moccasin (D:6)
  A sky beast (D:6)
  An ice beast (D:5)
  An ogre (D:5)
  A centaur (D:6)
  Blork the orc (D:4)
  3 scorpions (D:6)
  A wight (D:6)
  A howler monkey (D:6)
  2 hounds (D:5)
  An orc priest (D:4)
  2 sleepcaps
  2 iguanas
  An orc wizard (D:5)
  A gnoll (D:1)
  2 adders (D:4)
  4 worms
  A dart slug (D:3)
  14 orcs
  5 endoplasms
  4 giant cockroaches
  7 goblins
  2 hobgoblins (D:3)
  2 quokkas
  5 ball pythons
  2 bats
  6 kobolds
  4 rats
78 creatures vanquished.

Notes
Turn   | Place    | Note
-------+----------+-------------------------------------------
     0 | D:1      | lunkers the Meteoran Fighter began the quest for the Orb.
     0 | D:1      | Reached XP level 1. HP: 19/19 MP: 2/2
    73 | D:1      | Found a faded altar of an unknown god.
    84 | D:1      | Reached skill level 3 in Long Blades
    84 | D:1      | Reached XP level 2. HP: 17/26 MP: 3/3
   170 | D:1      | Reached skill level 4 in Long Blades
   170 | D:1      | Reached XP level 3. HP: 9/31 MP: 4/4
   466 | D:2      | Reached XP level 4. HP: 38/38 MP: 5/5
   537 | D:3      | Found Utuas's Assorted Antiques.
   610 | D:3      | Reached skill level 5 in Long Blades
   827 | D:4      | Reached XP level 5. HP: 41/45 MP: 6/6
   906 | D:4      | Reached skill level 6 in Long Blades
  1178 | D:4      | Found a broken altar of Ashenzari.
  1181 | D:4      | Became a worshipper of Ashenzari the Shackled
  1241 | D:4      | Noticed Blork the orc
  1251 | D:4      | Killed Blork the orc
  1252 | D:4      | Reached skill level 7 in Long Blades
  1252 | D:4      | Reached XP level 6. HP: 17/51 MP: 7/7
  1624 | D:5      | Entered Level 5 of the Dungeon
  1624 | D:5      | Noticed an ice beast
  1651 | D:5      | Killed an ice beast
  1652 | D:5      | Reached skill level 8 in Long Blades
  1652 | D:5      | Reached XP level 7. HP: 39/57 MP: 8/8
  1783 | D:5      | Found a shimmering blue altar of Sif Muna.
  1861 | D:5      | Reached skill level 9 in Long Blades
  2007 | D:6      | Reached XP level 8. HP: 54/63 MP: 9/9
  2240 | D:6      | Reached skill level 10 in Long Blades
  2309 | D:6      | Reached skill level 11 in Long Blades
  2451 | D:6      | HP: 2/56 [wight/+3 spear (6)]
  2452 | D:6      | Slain by a wight

Illustrated notes

Levels and vault maps discovered:
D:1:      spicycebolla_arrival_xxxplode, layout_rooms, basic_ecumenical_altar
D:2:      layout_basic
D:3:      layout_basic, serial_shops, nicolae_shop_competitors_out_of_business,
          st_stairs_5
D:4:      layout_layer_cave, kennysheep_mini, grunt_decor_junction,
          uniq_blork_the_orc
D:5:      layout_rooms, kennysheep_mini_moat, minmay_temple_entry_poolview
D:6:      layout_cave_pods

Skill      XL: |  1  2  3  4  5  6  7  8 |
---------------+-------------------------+-----
Long Blades    | 3 4 5 7 8 9 11 | 11.6
Fighting       | |  3.2
Armour         | |  3.6
Shields        | |  3.6

Action                     |  1- 3 |  4- 6 |  7- 9 || total
---------------------------+-------+-------+-------++-------
  Melee: Long sword        |    81 |   130 |   149 ||   360
 Invoke: Curse Item        |       |       |     1 ||     1
    Use: Potion            |       |     1 |       ||     1
         Scroll            |       |     6 |     3 ||     9
 Armour: Scale mail        |    46 |    42 |    55 ||   143
  Dodge: Dodged            |    35 |    36 |    37 ||   108
  Block: Buckler           |    27 |    26 |    26 ||    79

Table legend: (Time is in decaauts)
 A = Elapsed time spent in this place.
 B = Non-inter-level travel time spent in this place.
 C = Inter-level travel time spent in this place.
 D = Time resting spent in this place.
 E = Time spent auto-exploring this place.
 F = Levels seen in this place.
 G = Mean time per level.
                   A        B        C        D        E       F      G
               +--------+--------+--------+--------+--------+-----+--------+
         Total |   2480 |   2438 |     42 |      0 |   1618 |   6 |  413.3 |
       Dungeon |   2480 |   2438 |     42 |      0 |   1618 |   6 |  413.3 |
               +--------+--------+--------+--------+--------+-----+--------+

Top non-repeatable levels by time:
     D:4: 895 daAuts
     D:6: 470 daAuts
     D:5: 349 daAuts
     D:3: 270 daAuts
     D:2: 260 daAuts
     D:1: 235 daAuts
